 Dungeon Crawl Stone Soup version 0.28.0-43-g3370ac3207 (webtiles) character file.

Game seed: 7382478244084516681

74 croobank the Firebug (level 4, -2/32 HPs)
             Began as a Gnoll Fire Elementalist on Mar 7, 2022.
             Killed from afar by Ijyb (34 damage)
             ... with a bolt of acid
             ... on level 3 of the Dungeon.
             The game lasted 00:06:38 (2385 turns).

croobank the Firebug (Gnoll Fire Elementalist)      Turns: 2385, Time: 00:06:39

Health: -2/32      AC:  6    Str:  7    XL:     4   Next: 30%
Magic:  5/11       EV: 12    Int: 17    God:
Gold:   107        SH:  0    Dex: 12    Spells: 6/13 levels left

rFire   . . .      SeeInvis .   q - +0 short sword (freeze)
rCold   . . .      Faith    .   (no shield)
rNeg    . . .      Spirit   .   h - +3 leather armour of the Blacksmith {Will++}
rPois   .          Reflect  .   (no helmet)
rElec   .          Harm     .   (no cloak)
rCorr   .          Rampage  .   (no gloves)
Will    ++...                   (no boots)
Stlth   ++........              (no amulet)
HPRegen 0.10/turn               p - ring of flight
MPRegen 0.12/turn               (no ring)

@: flying
A: fangs 1, strong nose, distributed training
a: no special abilities


You were on level 3 of the Dungeon.
You visited 1 branch of the dungeon, and saw 3 of its levels.

You collected 107 gold pieces.

Inventory:

Hand Weapons
 a - a +0 dagger
 b - a +0 hunting sling
 q - a +0 short sword of freezing (weapon)
Missiles
 g - 93 stones
 m - 9 sling bullets
 n - 13 bolts
Armour
 e - a +0 robe
 h - the +3 leather armour of the Blacksmith (worn) {Will++}
   (You found it on level 2 of the Dungeon)

   Will:      It greatly increases your willpower.
 i - a +0 buckler
 l - the +2 tower shield of the Jolly Ships {Contam Rampage Int+4}
   (You found it on level 2 of the Dungeon)

   Int:       It affects your intelligence (+4).
   Contam:    It causes magical contamination when unequipped.
   Rampage:   It bestows one free step when moving towards enemies.
Jewellery
 p - a ring of flight (left hand)
Wands
 k - a wand of digging (5)
Potions
 c - a potion of invisibility {unknown}
 o - a potion of brilliance {unknown}


   Skills:
 + Level 1.1 Fighting
 + Level 1.1 Short Blades
 + Level 1.1 Long Blades
 + Level 1.1 Axes
 + Level 1.1 Maces & Flails
 + Level 1.1 Polearms
 + Level 1.1 Staves
 + Level 1.1 Slings
 + Level 1.1 Bows
 + Level 1.1 Crossbows
 + Level 1.1 Throwing
 + Level 1.1 Armour
 + Level 4.6 Dodging
 + Level 4.2 Stealth
 + Level 1.1 Shields
 + Level 1.1 Unarmed Combat
 + Level 5.0 Spellcasting
 + Level 2.2 Conjurations
 + Level 0.8 Hexes
 + Level 0.8 Summonings
 + Level 0.8 Necromancy
 + Level 0.8 Translocations
 + Level 0.8 Transmutations
 + Level 5.4 Fire Magic
 + Level 0.8 Ice Magic
 + Level 0.8 Air Magic
 + Level 0.8 Earth Magic
 + Level 0.8 Poison Magic
 + Level 1.2 Invocations
 + Level 1.1 Evocations


You had 6 spell levels left.
You knew the following spells:

 Your Spells              Type           Power      Damage    Failure   Level
a - Foxfire               Conj/Fire      68%        2x1d7     4%          1
b - Scorch                Fire           44%        2d7       3%          2
c - Flame Wave            Conj/Fire      17%        2d6       38%         4

Your spell library contained the following spells:

 Spells                   Type           Power      Damage    Failure   Level
 Conjure Flame            Conj/Fire      17%        6-21      13%         3
 Inner Flame              Hex/Fire       15%        N/A       17%         3


Dungeon Overview and Level Annotations

Branches:
Dungeon (3/15)

Altars:

Annotations:
D:3 Ijyb


Innate Abilities, Weirdness & Mutations

You have very sharp teeth.
Your uncanny sense of smell can sniff out nearby items.
Your experience applies equally to all skills.


Message History

You miss the quokka. You bite the quokka, but do no damage.
The quokka is almost dead.
The foxfire hits the quokka.
You kill the quokka!
You see here a +0 short sword of freezing.
Your +0 short sword of freezing glows with a cold blue light!
q - a +0 short sword of freezing (weapon)
As you read the scroll labelled SAORA FUSOOWOH, it crumbles to dust.
The air around you briefly surges with heat, but it dissipates.
It was a scroll of immolation.
As you read the scroll labelled MOUHALOALO, it crumbles to dust.
It is a scroll of amnesia.
Really abort (and waste the scroll)?
Okay, then.
As you read the scroll labelled BYOMIUTONY, it crumbles to dust.
You hear a loud clanging noise!
It was a scroll of noise.
You hear a shout!
There is a stone staircase leading up here.
A quokka comes into view.
Casting: Foxfire (safe; 4% risk of failure)
Confirm with . or Enter, or press ? or * to list all spells.
Flames lash the quokka.
The quokka is severely wounded.
The quokka's fire resistance burns away.
The quokka barely misses you.
Casting: Scorch (safe; 3% risk of failure)
Confirm with . or Enter, or press ? or * to list all spells.
Flames lash the quokka.
The quokka is burned terribly!
You kill the quokka!
You hear a shout!
Ijyb the Twisted Goblin comes into view.
She is wielding a +0 club and carrying a wand of acid (13).
Casting: Scorch (safe; 3% risk of failure)
Confirm with . or Enter, or press ? or * to list all spells.
Flames lash Ijyb.
Ijyb is lightly wounded.
Ijyb's fire resistance burns away.
Ijyb zaps a wand.
The bolt of acid hits you!!
Ouch! That really hurt!
You die...

###### #. ##....# #.
......###. ##
...#....#. .#
####.##.#.#######.#
.....<#.#.#.....#.#
#####.#.#.#.###.@.#
#.#.#..........g....
#.#.##.##########.#.
#.#....# #.###### ##
#.# ### .# #.#######
###.###.#
.####.......#
#....^..#
.....######.#
#####..####.####


You could see Ijyb (combustible).

Vanquished Creatures
  2 adders
  2 worms (D:2)
  10 endoplasms
  2 giant cockroaches (D:1)
  2 goblins
  3 hobgoblins
  6 jackals (D:2)
  4 quokkas
  3 ball pythons (D:1)
  3 bats
  A frilled lizard (D:1)
  4 kobolds
  2 rats (D:1)
44 creatures vanquished.

Vanquished Creatures (others)
  60 foxfires
60 creatures vanquished.

Grand Total: 104 creatures vanquished

Notes
Turn   | Place    | Note
-------+----------+-------------------------------------------
     0 | D:1      | croobank the Gnoll Fire Elementalist began the quest for
                  | the Orb.
     0 | D:1      | Reached XP level 1. HP: 13/13 MP: 6/6
   346 | D:1      | Reached XP level 2. HP: 19/19 MP: 4/7
   349 | D:1      | Learned a level 2 spell: Scorch
   386 | D:1      | Found a faded altar of an unknown god.
  1166 | D:2      | Reached skill level 5 in Spellcasting
  1166 | D:2      | Reached XP level 3. HP: 22/25 MP: 3/9
  1268 | D:2      | Identified the +3 leather armour of the Blacksmith {Will++}
  1279 | D:2      | Reached skill level 1 in Invocations
  1586 | D:2      | Reached skill level 1 in Fighting
  1586 | D:2      | Reached skill level 1 in Short Blades
  1586 | D:2      | Reached skill level 1 in Long Blades
  1586 | D:2      | Reached skill level 1 in Axes
  1586 | D:2      | Reached skill level 1 in Maces & Flails
  1586 | D:2      | Reached skill level 1 in Polearms
  1586 | D:2      | Reached skill level 1 in Staves
  1586 | D:2      | Reached skill level 1 in Slings
  1586 | D:2      | Reached skill level 1 in Bows
  1586 | D:2      | Reached skill level 1 in Crossbows
  1586 | D:2      | Reached skill level 1 in Throwing
  1586 | D:2      | Reached skill level 1 in Armour
  1586 | D:2      | Reached skill level 1 in Shields
  1586 | D:2      | Reached skill level 1 in Unarmed Combat
  1586 | D:2      | Reached skill level 1 in Evocations
  1725 | D:2      | Identified the +2 tower shield of the Jolly Ships {Contam
                  | Rampage Int+4}
  1876 | D:2      | Reached XP level 4. HP: 32/32 MP: 9/11
  1881 | D:2      | Learned a level 4 spell: Flame Wave
  2384 | D:3      | Noticed Ijyb
  2385 | D:3      | Killed from afar by Ijyb

Illustrated notes

Levels and vault maps discovered:
D:1:      matt_arrival_refuge, layout_loops_cross,
          shapermc_ecumenical_altar_pompeii
D:2:      layout_loops_ring
D:3:      layout_basic, uniq_ijyb

Skill      XL: |  1  2  3 |
---------------+----------+-----
Conjurations   | 2 |  2.2
Spellcasting   | 5 |  5.0
Invocations    | 1 |  1.2
Fighting       | 1 |  1.1
Short Blades   | 1 |  1.1
Long Blades    | 1 |  1.1
Axes           | 1 |  1.1
Maces & Flails | 1 |  1.1
Polearms       | 1 |  1.1
Staves         | 1 |  1.1
Slings         | 1 |  1.1
Bows           | 1 |  1.1
Crossbows      | 1 |  1.1
Throwing       | 1 |  1.1
Armour         | 1 |  1.1
Shields        | 1 |  1.1
Unarmed Combat | 1 |  1.1
Evocations     | 1 |  1.1
Dodging        | |  4.6
Stealth        | |  4.2
Hexes          | |  0.8
Summonings     | |  0.8
Necromancy     | |  0.8
Translocations | |  0.8
Transmutations | |  0.8
Fire Magic     | |  5.4
Ice Magic      | |  0.8
Air Magic      | |  0.8
Earth Magic    | |  0.8
Poison Magic   | |  0.8

Action                   |  1- 3 |  4- 6 || total
-------------------------+-------+-------++-------
Melee: Dagger            |    29 |     1 ||    30
       Bite              |     2 |     1 ||     3
       Punch             |     1 |       ||     1
 Cast: Foxfire           |    29 |     7 ||    36
       Scorch            |    22 |     6 ||    28
  Use: Scroll            |       |     3 ||     3
Armor: Robe              |     4 |       ||     4
       Leather armour    |     5 |       ||     5
Dodge: Dodged            |    18 |     1 ||    19
